 Dungeon Crawl Stone Soup version 0.29.1-2-gbd0b4ee654 (webtiles) character file.

Game seed: 5852762966308570280

21 qeuew the Shooter (level 3, 22/22 HPs)
             Began as a Kobold Hunter on Nov 15, 2022.
             Quit the game on level 1 of the Dungeon.
             The game lasted 00:00:36 (966 turns).

qeuew the Shooter (Kobold Hunter)                    Turns: 966, Time: 00:00:36

Health: 22/22      AC:  3    Str:  8    XL:     3   Next: 2%
Magic:  3/3        EV: 15    Int: 10    God:
Gold:   14         SH:  0    Dex: 20    Spells: 2/2 levels left

rFire   . . .      SeeInvis .   a - +0 shortbow
rCold   . . .      Faith    .   (shield currently unavailable)
rNeg    . . .      Spirit   .   c - +0 leather armour
rPois   .          Reflect  .   (no helmet)
rElec   .          Harm     .   (no cloak)
rCorr   .          Rampage  .   (no gloves)
Will    .....                   (no boots)
Stlth   +++.......              (no amulet)
HPRegen 0.07/turn               (no ring)
MPRegen 0.08/turn               (no ring)

@: about to teleport
A: small, no large weapons, nightstalker 3
a: no special abilities


You were on level 1 of the Dungeon.
You visited 1 branch of the dungeon, and saw 1 of its levels.

You collected 14 gold pieces.

Inventory:

Hand Weapons
 a - a +0 shortbow (weapon)
Armour
 c - a +0 leather armour (worn)


   Skills:
 + Level 2.5 Fighting
 + Level 5.5 Ranged Weapons
 + Level 2.8 Dodging
 + Level 2.3 Stealth


You had 2 spell levels left.
You didn't know any spells.
Your spell library was empty.

Dungeon Overview and Level Annotations

Branches:
Dungeon (1/15)

Altars:

Shops:
D:1 ?


Innate Abilities, Weirdness & Mutations

You are small and have problems with some larger weapons.
You are completely attuned to the shadows.


Message History

There is an open door here.
You now have 14 gold pieces (gained 11).
There is a large open door here.
There is a large open door here.
Key pressed, stopping explore.
No target in view!
There is an open door here.
You enter the shallow water.
Moving in this stuff is going to be slow.
There is a large open door here.
You open the door.
Found a stone staircase leading down.
No target in view!
There is an open door here.
As you open the door, it creaks loudly!
No target in view!
You open the large door.
There is an open door here.
You open the door.
There is an open door here.
You open the door.
There is an open door here.
You open the door.
There is an open door here.
You open the large door.
Done exploring.
No target in view!
Done exploring.
No target in view!
Done exploring.
No target in view!
Done exploring.
As you read the scroll labelled YSIEPLIRHU, it crumbles to dust.
You feel strangely unstable.
It was a scroll of teleportation.
Unknown command.
As you read the scroll labelled UTUALI QOQECW, it crumbles to dust.
It is a scroll of identify.
You don't have any unidentified items.
You drop a scroll of immolation.
Are you sure you want to abandon this character and quit the game? (Confirm with "yes".)

.#...####...~≈≈#+#+#≈≈≈≈≈≈≈#'#+#≈
.#.#.# #...~≈≈'>..##'###'##...'≈
.#.#.# ##...≈≈≈'...'.......'...'≈
.#.#.###....~≈≈#'###.#####.###'#≈
##.#.......(~≈≈≈≈'...#...#...#≈≈~
...#####....~≈≈≈≈#.###...'.⌠.'~~~
########....~≈≈≈≈#.###.<.'.⌠.'~≈~
............≈≈≈≈≈'...#...#...#≈≈≈
#########...≈≈≈#@###.#####.#'#+#≈
#.......#...~≈≈'...#.......#...'≈
#.#####.#...~≈≈'...##'###'##..('≈
....# #.....~≈≈#+#+#≈≈≈≈≈≈≈#'#+#≈
..#.###.....~≈≈≈≈≈≈≈≈≈≈≈≈≈≈≈≈≈≈≈≈
..#.....#...~≈≈≈≈≈≈≈≈≈≈≈≈≈≈≈≈≈≈≈≈
..#.....#...~~~~~≈~≈~≈~~~≈~~~~≈≈~
..#.###.###......................
......#...#......................


There were no monsters in sight!

Vanquished Creatures
  A gnoll (D:1)
  3 ball pythons (D:1)
  A giant cockroach (D:1)
  2 goblins (D:1)
  A hobgoblin (D:1)
  A quokka (D:1)
  A frilled lizard (D:1)
  A rat (D:1)
11 creatures vanquished.

Notes
Turn   | Place    | Note
-------+----------+-------------------------------------------
     0 | D:1      | qeuew the Kobold Hunter began the quest for the Orb.
     0 | D:1      | Reached XP level 1. HP: 12/12 MP: 1/1
   314 | D:1      | Reached XP level 2. HP: 18/18 MP: 2/2
   591 | D:1      | Reached XP level 3. HP: 18/22 MP: 3/3
   681 | D:1      | Found Sutel's Magic Scroll Boutique.
   738 | D:1      | Found a faded altar of an unknown god.
   966 | D:1      | Quit the game

Illustrated notes

Levels and vault maps discovered:
D:1:      dpeg_arrival_castle, layout_basic, serial_shops,
          nicolae_shop_window_shopping, shapermc_ecumenical_altar_mp_vishouse

Skill      XL: |  1  2 |
---------------+-------+-----
Stealth        | 2 |  2.3
Fighting       | |  2.5
Ranged Weapons | |  5.5
Dodging        | |  2.8

Action                   || total
-------------------------++-------
 Fire: Shortbow          ||    23
  Use: Scroll            ||     2
Armor: Leather armour    ||     1
Dodge: Dodged            ||    11
